Map: [ESL] Data-C

Players

HateMe - Winner!

  • Race: Zerg Zerg
  • Spawn Location: 3:00

Strange

  • Race: Protoss Protoss
  • Spawn Location: 9:00

Event: DreamHack SC2 Masters 2022 Atlanta (Online)

VOD

Have the link to the VOD?

Description

Time

  • Played on: Sept. 29, 2022, 10:26 a.m.
  • Length: 9:30

All games in this series

Show
View Real Time Build Order
Export as new Build Order

HateMe Zerg - Winner!

Build Orders: Hatch First 

Get SALT Encoding   

  12  0:00  Drone  
  13  0:12  Overlord  
  13  0:17  Drone  
  14  0:30  Drone x2  
  16  0:49  Hatchery  
  15  0:52  Drone  
  15  0:55  Drone  
  17  0:58  Drone  
  18  1:09  Extractor  
  17  1:15  Spawning Pool  
  17  1:18  Drone  
  17  1:21  Drone  
  18  1:28  Drone  
  19  1:38  Drone  
  20  1:51  Drone  
  21  2:01  Queen, Overlord  
  21  2:02  Queen, Drone  
  26  2:11  Drone  
  26  2:12  Drone  
  26  2:13  Metabolic Boost  
  28  2:22  Drone x2  
  30  2:36  Hatchery  
  29  2:39  Drone x2  
  31  2:44  Drone, Overlord  
  31  2:49  Queen  
  34  2:55  Zergling x2  
  34  2:56  Zergling x2  
  36  3:02  Queen  
  36  3:05  Overlord  
  38  3:06  Drone  
  38  3:09  Drone  
  38  3:11  Drone  
  42  3:12  Drone  
  42  3:15  Drone x2  
  44  3:22  Overlord  
  44  3:23  Drone x2  
  46  3:28  Spore Crawler  
  46  3:29  Drone  
  47  3:34  Drone  
  47  3:35  Queen  
  47  3:38  Overlord  
  49  3:44  Queen  
  49  3:46  Drone x2  
  54  3:48  Drone  
  54  3:52  Evolution Chamber  
  53  3:56  Queen  
  53  3:58  Drone  
  53  3:59  Drone  
  53  4:02  Overlord  
  57  4:05  Zergling x4  
  57  4:06  Zergling x2  
  57  4:08  Zergling x2  
  60  4:13  Roach Warren  
  59  4:19  Zerg Melee Weapons Level 1, Overlord  
  59  4:21  Drone x2  
  61  4:29  Drone x5  
  66  4:33  Overlord  
  66  4:34  Overlord  
  66  4:42  Drone x5  
  66  4:43  Drone  
  71  4:47  Lair  
  71  4:54  Drone x3, Overlord  
  71  4:55  Drone  
  75  5:06  Drone x6  
  80  5:08  Drone  
  80  5:10  Drone x2  
  80  5:11  Extractor  
  80  5:12  Extractor  
  80  5:13  Extractor  
  80  5:14  Extractor  
  80  5:17  Hatchery  
  78  5:22  Drone x5  
  78  5:23  Drone x2  
  78  5:25  Drone x2  
  87  5:28  Drone x2  
  87  5:34  Extractor  
  87  5:35  Spore Crawler  
  87  5:39  Spore Crawler  
  86  5:44  Overlord x2  
  86  5:47  Drone x2  
  86  5:48  Baneling Nest  
  86  5:49  Hydralisk Den  
  86  5:51  Drone x2  
  86  5:52  Overlord x2  
  86  5:54  Roach x2  
  92  5:59  Overlord  
  92  6:00  Overlord  
  91  6:06  Overlord  
  91  6:07  Drone x5  
  91  6:08  Drone x2  
  98  6:14  Zerg Melee Weapons Level 2  
  98  6:18  Ravager x2  
  100  6:20  Grooved Spines, Hydralisk x2  
  100  6:22  Zergling x2  
  100  6:23  Zergling x4  
  107  6:31  Hydralisk x4  
  115  6:36  Hydralisk  
  117  6:43  Centrifugal Hooks  
  117  6:50  Hydralisk x2  
  117  6:52  Zergling x26  
  133  6:54  Hydralisk  
  133  6:55  Hydralisk  
  137  7:04  Zergling x8  
  136  7:09  Hydralisk x4  
  136  7:11  Zergling x2  
  141  7:17  Zergling x16  
  144  7:24  Hydralisk x3  
  144  7:28  Zergling x2  
  151  7:31  Muscular Augments  
  151  7:34  Hydralisk x3  
  151  7:36  Zergling x4  
  159  7:41  Zergling x2  
  159  7:42  Zergling x8  
  159  7:43  Overlord x2  
  159  7:44  Overlord  
  164  7:45  Zergling x2  
  164  7:46  Zergling x2  
  166  7:53  Zergling x6  
  166  7:56  Baneling x15  
  166  7:57  Zergling x2  
  170  8:00  Zergling x8  
  170  8:03  Zergling x4  
  175  8:08  Baneling x7  
  175  8:12  Zergling x16  
  182  8:14  Baneling x2  
  181  8:25  Zergling x14  
  178  8:29  Zergling x8  
  172  8:34  Hydralisk  
  172  8:38  Zergling x4  
  167  8:44  Lurker Den  
  167  8:45  Infestation Pit  
  167  8:46  Baneling x12  
  167  8:48  Zergling x22  
  175  8:54  Zergling x2  
  176  8:57  Overseer  
  176  8:59  Zergling x6  
  176  9:00  Baneling x3  
  176  9:01  Zergling x2, Baneling x4, Hatchery  
  179  9:06  Zergling x4  
Show
View Real Time Build Order
Export as new Build Order

Strange Protoss 

Build Orders: 1 Gate Expand, Oracle Opening 

Get SALT Encoding   

  12  0:00  Probe  
  13  0:12  Probe  
  14  0:19  Pylon  
  14  0:24  Probe  
  15  0:38  Probe (Chrono Boost)  
  15  0:39  Gateway  
  16  0:46  Probe (Chrono Boost)  
  16  0:47  Assimilator  
  17  0:52  Probe  
  18  1:04  Probe  
  19  1:16  Probe  
  20  1:26  Nexus  
  20  1:34  Cybernetics Core  
  20  1:37  Probe  
  21  1:43  Assimilator  
  21  1:50  Probe  
  21  1:53  Pylon  
  22  2:02  Probe (Chrono Boost)  
  23  2:11  Adept  
  23  2:14  Probe (Chrono Boost)  
  26  2:16  Stargate  
  26  2:22  Probe (Chrono Boost)  
  27  2:25  Warp Gate  
  27  2:28  Probe (Chrono Boost)  
  28  2:38  Probe (Chrono Boost)  
  28  2:40  Probe (Chrono Boost)  
  28  2:42  Stalker  
  32  2:47  Probe (Chrono Boost)  
  32  2:48  Probe (Chrono Boost)  
  34  2:52  Probe (Chrono Boost)  
  34  2:54  Probe  
  36  2:59  Oracle (Chrono Boost)  
  36  3:04  Probe  
  40  3:06  Probe  
  41  3:13  Pylon  
  41  3:16  Probe  
  41  3:17  Adept  
  41  3:18  Probe  
  45  3:25  Gateway  
  45  3:28  Probe  
  45  3:31  Probe  
  47  3:34  Oracle  
  47  3:40  Probe  
  51  3:43  Probe  
  52  3:50  Pylon  
  52  3:53  Pylon  
  52  3:59  Nexus  
  52  4:02  Probe (Chrono Boost)  
  54  4:06  Probe (Chrono Boost)  
  54  4:12  Assimilator  
  54  4:13  Assimilator  
  54  4:14  Probe (Chrono Boost)  
  56  4:18  Probe (Chrono Boost)  
  56  4:21  Probe (Chrono Boost)  
  56  4:23  Twilight Council  
  56  4:24  Adept  
  59  4:25  Forge  
  59  4:29  Shield Battery  
  59  4:31  Probe  
  60  4:39  Robotics Facility, Probe  
  60  4:43  Probe  
  62  4:51  Probe  
  62  4:52  Sentry, Gateway  
  65  4:54  Gateway  
  65  4:55  Probe  
  65  4:58  Protoss Ground Weapons Level 1 (Chrono Boost), Blink (Chrono Boost)  
  66  5:04  Probe (Chrono Boost)  
  67  5:09  Probe (Chrono Boost)  
  67  5:14  Probe (Chrono Boost)  
  69  5:15  Pylon  
  71  5:21  Probe (Chrono Boost)  
  71  5:23  Probe x2 (Chrono Boost)  
  71  5:28  Observer (Chrono Boost), Probe x2 (Chrono Boost)  
  74  5:31  Probe  
  74  5:34  Gateway  
  76  5:35  Gateway  
  76  5:37  Gateway  
  76  5:39  Sentry, Gateway  
  76  5:40  Probe x2  
  80  5:43  Probe  
  80  5:48  Warp Prism (Chrono Boost)  
  83  5:51  Stalker  
  83  5:52  Probe  
  83  5:53  Pylon  
  86  5:58  Pylon  
  86  6:06  Stalker x3, Pylon  
  92  6:13  Photon Cannon  
  92  6:20  Nexus  
  92  6:26  Stalker  
  92  6:29  Stalker x3  
  100  6:34  Pylon  
  100  6:42  Shield Battery  
  100  6:45  Charge (Chrono Boost)  
  100  6:46  Stalker x4  
  108  6:48  Protoss Ground Weapons Level 2  
  108  7:02  Stalker x4  
  116  7:09  Stalker x3  
  116  7:12  Probe  
  116  7:14  Probe  
  116  7:18  Probe  
  113  7:25  Probe, Assimilator  
  113  7:26  Probe, Assimilator  
  115  7:31  Probe  
  115  7:32  Probe  
  115  7:37  Probe  
  118  7:38  Probe  
  118  7:40  Robotics Bay  
  118  7:42  Robotics Facility  
  118  7:43  Probe  
  120  7:44  Probe  
  120  7:46  Pylon  
  120  7:49  Probe  
  120  7:50  Gateway, Probe  
  123  7:51  Sentry  
  123  7:52  Sentry  
  123  7:53  Pylon  
  123  7:55  Probe  
  123  7:56  Probe  
  129  8:01  Probe  
  129  8:04  Forge, Stalker x4  
  139  8:07  Zealot, Stalker  
  139  8:12  Photon Cannon  
  139  8:13  Photon Cannon  
  139  8:14  Sentry  
  139  8:15  Photon Cannon  
  139  8:17  Pylon  
  141  8:22  Zealot  
  116  8:35  Stalker x5  
  116  8:36  Stalker  
  116  8:39  Stalker  
  114  8:43  Colossus (Chrono Boost)  
  114  8:48  Probe x3  
  120  8:54  Sentry  
  124  9:00  Probe  
  125  9:03  Pylon  
  125  9:04  Pylon  
  125  9:06  Probe  
  123  9:15  Stalker x5  
Tags
 
Add a new tag
Caveats
  • Supply blocks, unpowered buildings, or Contaminate may cause inaccurate times.
  • Supply counts are checked every 10 seconds.